Stars vs Penguins

Created - December 1, 2019 at 08:06

Goals
1 2 3 T
Stars 0 1 0 1
Penguins 0 2 1 3
Shots
1 2 3 T
Stars 5 6 19 30
Penguins 7 14 6 27

1st period

No Goal

Penalties :
Boris Valabik (Dal) for High sticking (Minor) at 1:53, Marcus Foligno (Pit) for Hooking (Minor) at 16:47, Boris Valabik (Dal) for High sticking (Minor) at 19:51

2nd period

1. Stars , John Tavares 8 (Ian White 7) at 6:07 (SH)
2. Penguins , Joe Colborne 5 (Tuomo Ruutu 1, Sean Zimmerman 10) at 13:04
3. Penguins , Brady Skjei 2 (Logan Couture 6, Marcus Foligno 3) at 17:27

Penalties :
Boris Valabik (Dal) for High sticking (Minor) at 5:56, Keith Aulie (Pit) for Roughing (Minor) at 15:05, Johnny Oduya (Dal) for Cross-checking (Minor) at 18:31, Andrej Sustr (Dal) for Hooking (Minor) at 19:48

3rd period

4. Penguins , Steven Stamkos 11 (Kurtis Foster 5) at 5:30

Penalties :
Ryan O'Reilly (Pit) for Hooking (Minor) at 11:14, Johnny Oduya (Dal) for High sticking (Minor) at 12:32

Goalie Stats

Brian Elliott (Dal), 24 saves from 27 shots - (0.889), L, 1-4-0, 60:00 minutes
Michal Neuvirth (Pit), 29 saves from 30 shots - (0.967), W, 8-5-2, 60:00 minutes

Players Stats for Stars

Player Name              G  A  P  +/- PIM S  H  SB GA TA FO     MP     PP MP  PK MP  
------------------------------------------------------------------------------------
Alex Chiasson            0  0  0   0  0   3  5  0  1  0  1/1    13:45   2:05   0:00 
Alexander Frolov         0  0  0  -2  0   2  2  0  0  0  0/2    12:56   0:02   1:15 
Andrej Sustr             0  0  0  -2  2   0  2  0  0  0  0/0    16:49   0:00   3:14 
Antoine Vermette         0  0  0   0  0   1  1  1  1  0  5/8    17:23   2:05   3:00 
B.J. Crombeen            0  0  0  -2  0   0  1  1  0  0  0/0    10:04   0:02   0:00 
Boris Valabik            0  0  0   0  6   2  1  1  0  0  0/0    18:41   1:56   2:14 
Brian Lee                0  0  0   0  0   3  2  3  0  0  0/0    27:14   3:20   6:36 
Cam Atkinson             0  0  0   0  0   1  1  0  0  0  0/0     7:16   0:00   0:00 
Cory Emmerton            0  0  0  -2  0   1  1  1  0  0  1/4    12:27   0:00   1:58 
Evgeny Grachev           0  0  0   0  0   0  0  0  0  0  3/3     7:16   0:00   0:00 
Guillaume Latendresse    0  0  0   0  0   1  3  1  0  1  0/0    22:27   3:09   5:14 
Ian White                0  1  1   0  0   1  0  0  0  1  0/0    25:15   3:20   6:07 
John Tavares             1  0  1   0  0   9  1  0  0  0  11/27  23:12   3:09   5:41 
Johnny Oduya             0  0  0   0  4   1  0  1  0  0  0/0    19:41   1:55   3:06 
Jussi Jokinen            0  0  0   0  0   0  5  0  0  0  2/2    16:32   2:05   2:56 
Michael Grabner          0  0  0  -1  0   1  3  2  0  0  0/0    15:30   3:09   0:00 
Niklas Hjalmarsson       0  0  0  -2  0   1  0  1  0  0  0/0    13:35   0:00   0:00 
Ted Purcell              0  0  0   0  0   3  0  1  1  0  0/0     7:57   0:02   0:00 

Players Stats for Penguins

Player Name              G  A  P  +/- PIM S  H  SB GA TA FO     MP     PP MP  PK MP  
------------------------------------------------------------------------------------
Ales Hemsky              0  0  0   1  0   0  0  0  0  0  0/0    11:18   0:00   0:00 
Andrew Cogliano          0  0  0   0  0   2  1  0  0  0  2/3    20:01   4:50   1:04 
Brady Skjei              1  0  1   1  0   1  0  0  0  0  0/0    10:56   0:00   0:00 
Cal Clutterbuck          0  0  0   0  0   2  6  1  0  0  0/1    16:21   4:23   1:14 
Clarke MacArthur         0  0  0   0  0   3  1  0  0  0  0/0    15:15   4:23   0:00 
Craig Smith              0  0  0   1  0   1  0  0  0  0  0/0     9:38   0:00   0:00 
Dennis Wideman           0  0  0   1  0   1  0  3  0  0  0/0    25:34   6:48   1:03 
Eric Gryba               0  0  0   0  0   0  0  0  0  1  0/0    14:31   0:00   3:13 
Joe Colborne             1  0  1   1  0   5  2  0  0  0  1/5     9:09   0:00   0:00 
Keith Aulie              0  0  0   1  2   0  1  0  0  0  0/0    20:10   3:43   1:17 
Kurtis Foster            0  1  1   1  0   0  3  1  0  0  0/0    21:00   3:43   2:03 
Logan Couture            0  1  1   1  0   2  2  0  0  0  2/4    13:37   1:18   1:14 
Marcus Foligno           0  1  1   1  2   2  0  0  0  2  0/0    11:08   0:00   0:00 
Ryan O'Reilly            0  0  0   0  2   0  2  0  0  0  2/6    16:48   5:41   1:00 
Sean Zimmerman           0  1  1   0  0   3  1  0  1  0  0/0    26:36   6:48   2:56 
Steven Stamkos           1  0  1   0  0   4  3  0  1  0  15/26  21:53   4:50   3:02 
Tuomo Ruutu              0  1  1   1  0   0  2  1  0  0  0/0     8:07   0:00   0:00 
Wayne Simmonds           0  0  0   0  0   1  1  1  0  0  2/2    21:58   6:08   2:58 

3 Stars

1 - Michal Neuvirth (Pit)
2 - Joe Colborne (Pit)
3 - Steven Stamkos (Pit)

Power Play

Stars - 0 on 3 Attempt(s) - 0.00%
Penguins - 0 on 6 Attempt(s) - 0.00%

Penalty Kill

Stars - 6 on 6 Attempt(s) - 100.00% - Score 1 goal in Penalty Kill
Penguins - 3 on 3 Attempt(s) - 100.00% - Score 0 goal in Penalty Kill

Team Stat

Stars - Hits : 28 - Faceoff Wins : 23 - Blocked Shots : 13 - Penalty Minutes : 12
Penguins - Hits : 25 - Faceoff Wins : 24 - Blocked Shots : 7 - Penalty Minutes : 6

Official

Referees : Unknown
Linesman : Unknown

Game Notes

No Game Note

Finance

Level 1 -- Attendance: 4093 (68.22%) -- Ticket Income $491,160
Level 2 -- Attendance: 4363 (87.26%) -- Ticket Income $305,410
Level 3 -- Attendance: 1480 (74.00%) -- Ticket Income $66,600
Level 4 -- Attendance: 2945 (73.63%) -- Ticket Income $103,075
Luxury Box -- Attendance: 760 (76.00%) -- Ticket Income $152,000
Game was played at the Igloo.
Total Attendance: 13641 (75.78%)
Total Ticket Income: $1,118,245
Other Income: $167,737
Total Income: $1,285,982

Stars

5 vs 5 Forward 
   Center                   Left Wing                Right Wing               Time % Phy DF OF 
 1 John Tavares             Guillaume Latendresse    Michael Grabner          40     1   2  2  
 2 Antoine Vermette         Jussi Jokinen            Alex Chiasson            30     1   2  2  
 3 Cory Emmerton            Alexander Frolov         B.J. Crombeen            20     1   2  2  
 4 Evgeny Grachev           Ted Purcell              Cam Atkinson             10     1   2  2  

5 vs 5 Defense 
   Defense                  Defense                                           Time % Phy DF OF 
 1 Ian White                Brian Lee                                         40     1   2  2  
 2 Boris Valabik            Johnny Oduya                                      30     1   2  2  
 3 Niklas Hjalmarsson       Andrej Sustr                                      20     1   2  2  
 4 Ian White                Brian Lee                                         10     1   2  2  

PowerPlay Forward 
   Center                   Left Wing                Right Wing               Time % Phy DF OF 
 1 John Tavares             Guillaume Latendresse    Michael Grabner          60     0   2  3  
 2 Antoine Vermette         Jussi Jokinen            Alex Chiasson            40     0   2  3  

PowerPlay Defense
   Defense                  Defense                                           Time % Phy DF OF 
 1 Ian White                Brian Lee                                         60     0   2  3  
 2 Boris Valabik            Johnny Oduya                                      40     0   2  3  

Penalty Kill 4 Players Forward 
   Center                   Wing                     Time % Phy DF OF 
 1 John Tavares             Guillaume Latendresse    60     0   3  2  
 2 Jussi Jokinen            Antoine Vermette         40     0   3  2  

Penalty Kill 4 Players Defense
   Defense                  Defense                  Time % Phy DF OF 
 1 Ian White                Brian Lee                60     0   3  2  
 2 Boris Valabik            Johnny Oduya             40     0   3  2  

Penalty Kill - 3 Players Forward 
   Forward                                           Time % Phy DF OF 
 1 John Tavares                                      60     0   3  2  
 2 Guillaume Latendresse                             40     0   3  2  

Penalty Kill - 3 Players Defense
   Defense                  Defense                  Time % Phy DF OF 
 1 Ian White                Brian Lee                60     0   3  2  
 2 Boris Valabik            Johnny Oduya             40     0   3  2  

4 vs 4 Forward 
   Center                   Wing                     Time % Phy DF OF 
 1 John Tavares             Guillaume Latendresse    60     1   2  2  
 2 Jussi Jokinen            Antoine Vermette         40     1   2  2  

4 vs 4 Defense
   Defense                  Defense                  Time % Phy DF OF 
 1 Ian White                Brian Lee                60     1   2  2  
 2 Boris Valabik            Johnny Oduya             40     1   2  2  

Last Minutes Offensive
   Center                   Left Wing                Right Wing               Defense                  Defense                  
   John Tavares             Guillaume Latendresse    Michael Grabner          Ian White                Brian Lee                

Last Minutes Defensive
   Center                   Left Wing                Right Wing               Defense                  Defense                  
   John Tavares             Guillaume Latendresse    Michael Grabner          Ian White                Brian Lee                

Goaltenders
Starting : Brian Elliott            
Backup : Cory Schneider           

Extra Forwards
Normal : Alexander Frolov, Ted Purcell, Cory Emmerton - PP : Alexander Frolov, Ted Purcell - PK : Cory Emmerton
Extra Defensemen
Normal : Niklas Hjalmarsson, Andrej Sustr, Boris Valabik - PP : Niklas Hjalmarsson - PK : Andrej Sustr, Boris Valabik
Penalty Shots
John Tavares, Guillaume Latendresse, Jussi Jokinen, Antoine Vermette, Alexander Frolov

Scratches
Shawn Matthias (Healthy)

Penguins

5 vs 5 Forward 
   Center                   Left Wing                Right Wing               Time % Phy DF OF 
 1 Steven Stamkos           Andrew Cogliano          Wayne Simmonds           40     2   1  2  
 2 Ryan O'Reilly            Clarke MacArthur         Cal Clutterbuck          30     2   1  2  
 3 Logan Couture            Marcus Foligno           Ales Hemsky              20     1   2  2  
 4 Joe Colborne             Tuomo Ruutu              Craig Smith              10     1   2  2  

5 vs 5 Defense 
   Defense                  Defense                                           Time % Phy DF OF 
 1 Dennis Wideman           Sean Zimmerman                                    44     1   2  2  
 2 Kurtis Foster            Keith Aulie                                       33     2   2  1  
 3 Brady Skjei              Eric Gryba                                        23     1   2  2  
 4 Dennis Wideman           Sean Zimmerman                                    0      1   2  2  

PowerPlay Forward 
   Center                   Left Wing                Right Wing               Time % Phy DF OF 
 1 Steven Stamkos           Andrew Cogliano          Wayne Simmonds           60     0   1  4  
 2 Ryan O'Reilly            Clarke MacArthur         Cal Clutterbuck          40     0   1  4  

PowerPlay Defense
   Defense                  Defense                                           Time % Phy DF OF 
 1 Dennis Wideman           Sean Zimmerman                                    60     1   1  3  
 2 Kurtis Foster            Keith Aulie                                       40     1   1  3  

Penalty Kill 4 Players Forward 
   Center                   Wing                     Time % Phy DF OF 
 1 Steven Stamkos           Wayne Simmonds           60     1   4  0  
 2 Logan Couture            Cal Clutterbuck          40     1   4  0  

Penalty Kill 4 Players Defense
   Defense                  Defense                  Time % Phy DF OF 
 1 Sean Zimmerman           Eric Gryba               60     1   4  0  
 2 Kurtis Foster            Keith Aulie              40     1   4  0  

Penalty Kill - 3 Players Forward 
   Forward                                           Time % Phy DF OF 
 1 Wayne Simmonds                                    60     1   4  0  
 2 Cal Clutterbuck                                   40     1   4  0  

Penalty Kill - 3 Players Defense
   Defense                  Defense                  Time % Phy DF OF 
 1 Sean Zimmerman           Eric Gryba               60     1   4  0  
 2 Kurtis Foster            Keith Aulie              40     1   4  0  

4 vs 4 Forward 
   Center                   Wing                     Time % Phy DF OF 
 1 Steven Stamkos           Andrew Cogliano          60     1   1  3  
 2 Ryan O'Reilly            Wayne Simmonds           40     1   1  3  

4 vs 4 Defense
   Defense                  Defense                  Time % Phy DF OF 
 1 Dennis Wideman           Sean Zimmerman           60     1   2  2  
 2 Kurtis Foster            Keith Aulie              40     1   2  2  

Last Minutes Offensive
   Center                   Left Wing                Right Wing               Defense                  Defense                  
   Steven Stamkos           Andrew Cogliano          Wayne Simmonds           Dennis Wideman           Sean Zimmerman           

Last Minutes Defensive
   Center                   Left Wing                Right Wing               Defense                  Defense                  
   Steven Stamkos           Andrew Cogliano          Wayne Simmonds           Dennis Wideman           Sean Zimmerman           

Goaltenders
Starting : Michal Neuvirth          
Backup : Sergei Bobrovsky         

Extra Forwards
Normal : Steven Stamkos, Ryan O'Reilly, Logan Couture - PP : Steven Stamkos, Ryan O'Reilly - PK : Wayne Simmonds
Extra Defensemen
Normal : Dennis Wideman, Kurtis Foster, Eric Gryba - PP : Dennis Wideman - PK : Sean Zimmerman, Eric Gryba
Penalty Shots
Steven Stamkos, Ryan O'Reilly, Wayne Simmonds, Andrew Cogliano, Marcus Foligno

Scratches
Dustin Brown (Bruised Right Leg Injury), Paul Ranger (Healthy), Riley Armstrong (Healthy)

% Time on Ice - Stars

Lines # - Real PCT - Wanted PCT - Time Play
Normal Forward
1 - 36% - 40% - 15:46
2 - 26% - 30% - 11:10
3 - 21% - 20% - 9:20
4 - 17% - 10% - 7:16
Normal Defense
1 - 34% - 40% - 14:38
2 - 34% - 30% - 14:55
3 - 31% - 20% - 13:35
4 - 1% - 10% - 0:24
PP Forward
1 - 60% - 60% - 3:11
2 - 40% - 40% - 2:05
PP Defense
1 - 63% - 60% - 3:20
2 - 37% - 40% - 1:56
PK Forward
1 - 70% - 60% - 6:53
2 - 30% - 40% - 2:56
PK Defense
1 - 53% - 60% - 5:12
2 - 47% - 40% - 4:37
PK3 Forward
1 - 100% - 60% - 0:42
2 - 0% - 40% - 0:00
PK3 Defense
1 - 100% - 60% - 0:42
2 - 0% - 40% - 0:00
44 Forward
1 - 78% - 60% - 0:32
2 - 22% - 40% - 0:09
44 Defense
1 - 100% - 60% - 0:41
2 - 0% - 40% - 0:00
Last Minute Offensive  - 0:00
Last Minute Defensive  - 0:00
Total
Forward - 60:00
Defense - 60:00

% Time on Ice - Penguins

Lines # - Real PCT - Wanted PCT - Time Play
Normal Forward
1 - 29% - 40% - 12:50
2 - 30% - 30% - 13:16
3 - 21% - 20% - 9:19
4 - 19% - 10% - 8:07
Normal Defense
1 - 39% - 44% - 16:58
2 - 36% - 33% - 15:38
3 - 25% - 23% - 10:56
4 - 0% - 0% - 0:00
PP Forward
1 - 46% - 60% - 4:50
2 - 54% - 40% - 5:41
PP Defense
1 - 65% - 60% - 6:48
2 - 35% - 40% - 3:43
PK Forward
1 - 77% - 60% - 4:02
2 - 23% - 40% - 1:14
PK Defense
1 - 61% - 60% - 3:13
2 - 39% - 40% - 2:03
PK3 Forward
1 - 0% - 60%
2 - 0% - 40%
PK3 Defense
1 - 0% - 60%
2 - 0% - 40%
44 Forward
1 - 98% - 60% - 0:40
2 - 2% - 40% - 0:01
44 Defense
1 - 71% - 60% - 0:29
2 - 29% - 40% - 0:12
Last Minute Offensive  - 0:00
Last Minute Defensive  - 0:00
Total
Forward - 60:00
Defense - 60:00

Play-by-Play

1st period


0:01 of 1st period - Steven Stamkos wins face-off versus John Tavares in neutral zone.
0:26 of 1st period - Alex Chiasson is hit by Cal Clutterbuck and loses puck.
0:37 of 1st period - Slapshot by Clarke MacArthur.
0:37 of 1st period - Shot Misses the Net.
0:51 of 1st period - Wrist shot by Cory Emmerton.
0:51 of 1st period - Shot Blocked by Kurtis Foster.
0:53 of 1st period - Slapshot by Boris Valabik.
0:53 of 1st period - Stopped by Michal Neuvirth without a rebound.
0:54 of 1st period - Evgeny Grachev wins face-off versus Logan Couture in Penguins zone.
1:07 of 1st period - Niklas Hjalmarsson is hit by Logan Couture and loses puck.
1:14 of 1st period - Snap shot by Logan Couture.
1:14 of 1st period - Stopped by Brian Elliott without a rebound.
1:15 of 1st period - Steven Stamkos wins face-off versus John Tavares in Stars zone.
1:53 of 1st period - Minor Penalty to Boris Valabik for High sticking.
1:54 of 1st period - John Tavares wins face-off versus Steven Stamkos in Stars zone.
2:02 of 1st period - Wrist shot by Andrew Cogliano.
2:02 of 1st period - Shot Misses the Net.
2:06 of 1st period - Slapshot by Steven Stamkos.
2:06 of 1st period - Stopped by Brian Elliott without a rebound.
2:07 of 1st period - Wayne Simmonds wins face-off versus John Tavares in Stars zone.
2:59 of 1st period - Guillaume Latendresse is hit by Ryan O'Reilly and loses puck.
3:24 of 1st period - Wrist shot by Clarke MacArthur.
3:24 of 1st period - Stopped by Brian Elliott with a rebound.
3:46 of 1st period - Brian Lee is hit by Cal Clutterbuck and loses puck.
3:53 of 1st period - Penalty to Boris Valabik is over, Boris Valabik is back on ice.
5:31 of 1st period - Snap shot by Clarke MacArthur.
5:31 of 1st period - Stopped by Brian Elliott with a rebound.
5:33 of 1st period - Slapshot by Sean Zimmerman.
5:33 of 1st period - Stopped by Brian Elliott without a rebound.
5:34 of 1st period - Antoine Vermette wins face-off versus Steven Stamkos in Stars zone.
5:42 of 1st period - Wrist shot by Andrej Sustr.
5:42 of 1st period - Shot Blocked by Wayne Simmonds.
5:44 of 1st period - Slapshot by Niklas Hjalmarsson.
5:44 of 1st period - Stopped by Michal Neuvirth with a rebound.
6:00 of 1st period - Cory Emmerton is hit by Kurtis Foster and loses puck.
6:47 of 1st period - Wayne Simmonds is hit by Jussi Jokinen and loses puck.
7:12 of 1st period - Snap shot by Tuomo Ruutu.
7:12 of 1st period - Shot Misses the Net.
7:14 of 1st period - Slapshot by Kurtis Foster.
7:14 of 1st period - Shot Blocked by Cory Emmerton.
7:26 of 1st period - Brady Skjei is hit by Andrej Sustr and loses puck.
7:43 of 1st period - Johnny Oduya is hit by Joe Colborne and loses puck.
8:02 of 1st period - Cam Atkinson is hit by Steven Stamkos and loses puck.
9:01 of 1st period - Icing by B.J. Crombeen.
9:02 of 1st period - Joe Colborne wins face-off versus Antoine Vermette in Stars zone.
9:09 of 1st period - Snap shot by Tuomo Ruutu.
9:09 of 1st period - Shot Blocked by Brian Lee.
10:05 of 1st period - Boris Valabik is hit by Tuomo Ruutu and loses puck.
12:17 of 1st period - Keith Aulie is hit by Alex Chiasson and loses puck.
12:30 of 1st period - Snap shot by Ted Purcell.
12:30 of 1st period - Stopped by Michal Neuvirth with a rebound.
12:54 of 1st period - Eric Gryba is hit by Cory Emmerton and loses puck.
12:59 of 1st period - Slapshot by B.J. Crombeen.
12:59 of 1st period - Shot Misses the Net.
14:58 of 1st period - Ted Purcell is hit by Tuomo Ruutu and loses puck.
15:13 of 1st period - Slapshot by Alexander Frolov.
15:13 of 1st period - Stopped by Michal Neuvirth with a rebound.
15:15 of 1st period - Slapshot by Brian Lee.
15:15 of 1st period - Stopped by Michal Neuvirth with a rebound.
16:47 of 1st period - Minor Penalty to Marcus Foligno for Hooking.
16:48 of 1st period - John Tavares wins face-off versus Steven Stamkos in Penguins zone.
17:04 of 1st period - Guillaume Latendresse is hit by Steven Stamkos.
17:26 of 1st period - Kurtis Foster is hit by Jussi Jokinen and loses puck.
18:15 of 1st period - Ian White is hit by Kurtis Foster.
18:47 of 1st period - Penalty to Marcus Foligno is over, Marcus Foligno is back on ice.
19:19 of 1st period - Slapshot by Tuomo Ruutu.
19:19 of 1st period - Shot Blocked by Ted Purcell.
19:21 of 1st period - Slapshot by Dennis Wideman.
19:21 of 1st period - Deflect By Cam Atkinson.
19:21 of 1st period - Stopped by Brian Elliott without a rebound.
19:22 of 1st period - Ryan O'Reilly wins face-off versus Cory Emmerton in Stars zone.
19:23 of 1st period - Wrist shot by Clarke MacArthur.
19:23 of 1st period - Stopped by Brian Elliott with a rebound.
19:29 of 1st period - Wrist shot by Clarke MacArthur.
19:29 of 1st period - Deflect By Cal Clutterbuck.
19:29 of 1st period - Shot Misses the Net.
19:29 of 1st period - Puck is out of play.
19:30 of 1st period - Ryan O'Reilly wins face-off versus Alexander Frolov in Stars zone.
19:51 of 1st period - Minor Penalty to Boris Valabik for High sticking.
19:52 of 1st period - John Tavares wins face-off versus Steven Stamkos in Stars zone.
Goals for this period are 0 for Stars vs 0 for Penguins.
Shots for this period are 5 for Stars vs 7 for Penguins.

2nd period


0:01 of 2nd period - John Tavares wins face-off versus Steven Stamkos in neutral zone.
1:51 of 2nd period - Penalty to Boris Valabik is over, Boris Valabik is back on ice.
2:14 of 2nd period - Wrist shot by Logan Couture.
2:14 of 2nd period - Stopped by Brian Elliott with a rebound.
2:45 of 2nd period - Snap shot by Ted Purcell.
2:45 of 2nd period - Stopped by Michal Neuvirth with a rebound.
3:52 of 2nd period - Wrist shot by Alex Chiasson.
3:52 of 2nd period - Stopped by Michal Neuvirth without a rebound.
3:53 of 2nd period - Steven Stamkos wins face-off versus Antoine Vermette in Penguins zone.
4:06 of 2nd period - Brady Skjei is hit by Antoine Vermette and loses puck.
5:56 of 2nd period - Minor Penalty to Boris Valabik for High sticking.
5:57 of 2nd period - John Tavares wins face-off versus Steven Stamkos in Stars zone.
6:07 of 2nd period - Snap shot by John Tavares.
6:07 of 2nd period - Goal by John Tavares - Stars : 1 - Penguins : 0.
6:08 of 2nd period - Steven Stamkos wins face-off versus John Tavares in neutral zone.
6:11 of 2nd period - Ian White is hit by Steven Stamkos and loses puck.
6:18 of 2nd period - Wrist shot by Andrew Cogliano.
6:18 of 2nd period - Stopped by Brian Elliott with a rebound.
7:56 of 2nd period - Penalty to Boris Valabik is over, Boris Valabik is back on ice.
8:17 of 2nd period - Sean Zimmerman is hit by Cam Atkinson.
8:33 of 2nd period - Wrist shot by Joe Colborne.
8:33 of 2nd period - Stopped by Brian Elliott with a rebound.
8:35 of 2nd period - Snap shot by Craig Smith.
8:35 of 2nd period - Stopped by Brian Elliott with a rebound.
8:37 of 2nd period - Slapshot by Eric Gryba.
8:37 of 2nd period - Shot Blocked by Boris Valabik.
8:39 of 2nd period - Wrist shot by Joe Colborne.
8:39 of 2nd period - Deflect By Cory Emmerton.
8:39 of 2nd period - Stopped by Brian Elliott without a rebound.
8:40 of 2nd period - Antoine Vermette wins face-off versus Ryan O'Reilly in Stars zone.
9:05 of 2nd period - Keith Aulie is hit by Brian Lee and loses puck.
9:26 of 2nd period - Cory Emmerton is hit by Logan Couture and loses puck.
9:50 of 2nd period - Cam Atkinson is hit by Cal Clutterbuck and loses puck.
10:11 of 2nd period - Slapshot by Joe Colborne.
10:11 of 2nd period - Stopped by Brian Elliott with a rebound.
10:27 of 2nd period - Guillaume Latendresse is hit by Andrew Cogliano and loses puck.
10:38 of 2nd period - Wrist shot by Wayne Simmonds.
10:38 of 2nd period - Shot Misses the Net.
10:48 of 2nd period - Eric Gryba is hit by Boris Valabik and loses puck.
11:26 of 2nd period - Eric Gryba is hit by Alex Chiasson and loses puck.
12:19 of 2nd period - Joe Colborne is hit by Alex Chiasson.
12:23 of 2nd period - Craig Smith is hit by Jussi Jokinen and loses puck.
12:58 of 2nd period - Slapshot by Joe Colborne.
12:58 of 2nd period - Stopped by Brian Elliott with a rebound.
13:00 of 2nd period - Wrist shot by Tuomo Ruutu.
13:00 of 2nd period - Shot Blocked by Niklas Hjalmarsson.
13:04 of 2nd period - Snap shot by Joe Colborne.
13:04 of 2nd period - Goal by Joe Colborne - Stars : 1 - Penguins : 1.
13:05 of 2nd period - Steven Stamkos wins face-off versus John Tavares in neutral zone.
13:32 of 2nd period - Cal Clutterbuck is hit by Jussi Jokinen and loses puck.
13:51 of 2nd period - Alex Chiasson is hit by Cal Clutterbuck.
13:55 of 2nd period - Wrist shot by Ryan O'Reilly.
13:55 of 2nd period - Shot Misses the Net.
13:57 of 2nd period - Slapshot by Sean Zimmerman.
13:57 of 2nd period - Stopped by Brian Elliott with a rebound.
13:59 of 2nd period - Snap shot by Cal Clutterbuck.
13:59 of 2nd period - Stopped by Brian Elliott without a rebound.
14:00 of 2nd period - Andrew Cogliano wins face-off versus John Tavares in Stars zone.
14:46 of 2nd period - Slapshot by Alex Chiasson.
14:46 of 2nd period - Shot Misses the Net.
14:48 of 2nd period - Slapshot by Antoine Vermette.
14:48 of 2nd period - Shot Blocked by Tuomo Ruutu.
14:50 of 2nd period - Slapshot by Boris Valabik.
14:50 of 2nd period - Stopped by Michal Neuvirth without a rebound.
14:51 of 2nd period - Jussi Jokinen wins face-off versus Steven Stamkos in Penguins zone.
14:52 of 2nd period - Snap shot by Alex Chiasson.
14:52 of 2nd period - Stopped by Michal Neuvirth with a rebound.
15:05 of 2nd period - Minor Penalty to Keith Aulie for Roughing.
15:06 of 2nd period - Wayne Simmonds wins face-off versus John Tavares in Penguins zone.
15:06 of 2nd period - Wayne Simmonds is hit by Guillaume Latendresse.
15:49 of 2nd period - Slapshot by Logan Couture.
15:49 of 2nd period - Shot Blocked by Michael Grabner.
15:53 of 2nd period - Snap shot by Cal Clutterbuck.
15:53 of 2nd period - Shot Misses the Net.
16:30 of 2nd period - Wrist shot by Cal Clutterbuck.
16:30 of 2nd period - Shot Misses the Net.
16:52 of 2nd period - Brian Lee is hit by Ryan O'Reilly and loses puck.
17:05 of 2nd period - Penalty to Keith Aulie is over, Keith Aulie is back on ice.
17:15 of 2nd period - Wrist shot by Logan Couture.
17:15 of 2nd period - Deflect By Marcus Foligno.
17:15 of 2nd period - Stopped by Brian Elliott without a rebound.
17:16 of 2nd period - Logan Couture wins face-off versus Alexander Frolov in Stars zone.
17:25 of 2nd period - Snap shot by Logan Couture.
17:25 of 2nd period - Shot Misses the Net.
17:27 of 2nd period - Snap shot by Brady Skjei.
17:27 of 2nd period - Goal by Brady Skjei - Stars : 1 - Penguins : 2.
17:28 of 2nd period - Antoine Vermette wins face-off versus Andrew Cogliano in neutral zone.
17:37 of 2nd period - Slapshot by Wayne Simmonds.
17:37 of 2nd period - Stopped by Brian Elliott without a rebound.
17:38 of 2nd period - Steven Stamkos wins face-off versus Antoine Vermette in Stars zone.
17:47 of 2nd period - Snap shot by Andrew Cogliano.
17:47 of 2nd period - Stopped by Brian Elliott without a rebound.
17:48 of 2nd period - John Tavares wins face-off versus Steven Stamkos in Stars zone.
17:54 of 2nd period - Icing by John Tavares.
17:55 of 2nd period - Andrew Cogliano wins face-off versus John Tavares in Stars zone.
18:20 of 2nd period - Slapshot by Michael Grabner.
18:20 of 2nd period - Shot Misses the Net.
18:22 of 2nd period - Wrist shot by Brian Lee.
18:22 of 2nd period - Stopped by Michal Neuvirth without a rebound.
18:23 of 2nd period - Antoine Vermette wins face-off versus Ryan O'Reilly in Penguins zone.
18:31 of 2nd period - Minor Penalty to Johnny Oduya for Cross-checking.
18:32 of 2nd period - Steven Stamkos wins face-off versus John Tavares in Stars zone.
18:55 of 2nd period - Andrew Cogliano is hit by John Tavares and loses puck.
19:02 of 2nd period - Wrist shot by Andrew Cogliano.
19:02 of 2nd period - Shot Misses the Net.
19:04 of 2nd period - Slapshot by Steven Stamkos.
19:04 of 2nd period - Shot Misses the Net.
19:39 of 2nd period - Alexander Frolov is hit by Cal Clutterbuck and loses puck.
19:48 of 2nd period - Minor Penalty to Andrej Sustr for Hooking.
19:49 of 2nd period - John Tavares wins face-off versus Ryan O'Reilly in Stars zone.
Goals for this period are 1 for Stars vs 2 for Penguins.
Shots for this period are 6 for Stars vs 14 for Penguins.

3rd period


0:01 of 3rd period - Steven Stamkos wins face-off versus John Tavares in neutral zone.
0:12 of 3rd period - Snap shot by Steven Stamkos.
0:12 of 3rd period - Shot Misses the Net.
0:31 of 3rd period - Penalty to Johnny Oduya is over, Johnny Oduya is back on ice.
0:50 of 3rd period - Wrist shot by John Tavares.
0:50 of 3rd period - Deflect By Wayne Simmonds.
0:50 of 3rd period - Stopped by Michal Neuvirth with a rebound.
1:36 of 3rd period - Wrist shot by John Tavares.
1:36 of 3rd period - Stopped by Michal Neuvirth without a rebound.
1:37 of 3rd period - Steven Stamkos wins face-off versus Cory Emmerton in Penguins zone.
1:48 of 3rd period - Penalty to Andrej Sustr is over, Andrej Sustr is back on ice.
1:58 of 3rd period - Marcus Foligno is hit by Alex Chiasson and loses puck.
2:17 of 3rd period - Snap shot by Marcus Foligno.
2:17 of 3rd period - Stopped by Brian Elliott with a rebound.
2:19 of 3rd period - Snap shot by Ales Hemsky.
2:19 of 3rd period - Shot Blocked by Antoine Vermette.
3:02 of 3rd period - Off-side.
3:03 of 3rd period - Steven Stamkos wins face-off versus John Tavares in neutral zone.
3:16 of 3rd period - Snap shot by John Tavares.
3:16 of 3rd period - Shot Blocked by Dennis Wideman.
3:18 of 3rd period - Snap shot by John Tavares.
3:18 of 3rd period - Stopped by Michal Neuvirth with a rebound.
3:20 of 3rd period - Snap shot by John Tavares.
3:20 of 3rd period - Stopped by Michal Neuvirth with a rebound.
3:30 of 3rd period - Ian White is hit by Clarke MacArthur and loses puck.
3:37 of 3rd period - Slapshot by Clarke MacArthur.
3:37 of 3rd period - Shot Misses the Net.
3:39 of 3rd period - Snap shot by Clarke MacArthur.
3:39 of 3rd period - Shot Blocked by Brian Lee.
3:41 of 3rd period - Snap shot by Cal Clutterbuck.
3:41 of 3rd period - Stopped by Brian Elliott without a rebound.
3:42 of 3rd period - Steven Stamkos wins face-off versus John Tavares in Stars zone.
4:09 of 3rd period - Kurtis Foster is hit by Alexander Frolov and loses puck.
4:36 of 3rd period - Snap shot by Ted Purcell.
4:36 of 3rd period - Stopped by Michal Neuvirth without a rebound.
4:37 of 3rd period - Evgeny Grachev wins face-off versus Joe Colborne in Penguins zone.
4:38 of 3rd period - Snap shot by Cam Atkinson.
4:38 of 3rd period - Stopped by Michal Neuvirth without a rebound.
4:39 of 3rd period - John Tavares wins face-off versus Joe Colborne in Penguins zone.
4:40 of 3rd period - Slapshot by Brian Lee.
4:40 of 3rd period - Shot Misses the Net.
4:42 of 3rd period - Snap shot by Guillaume Latendresse.
4:42 of 3rd period - Deflect By John Tavares.
4:42 of 3rd period - Stopped by Michal Neuvirth without a rebound.
4:43 of 3rd period - John Tavares wins face-off versus Steven Stamkos in Penguins zone.
4:50 of 3rd period - Snap shot by John Tavares.
4:50 of 3rd period - Stopped by Michal Neuvirth with a rebound.
4:52 of 3rd period - Snap shot by Michael Grabner.
4:52 of 3rd period - Stopped by Michal Neuvirth without a rebound.
4:53 of 3rd period - John Tavares wins face-off versus Steven Stamkos in Penguins zone.
5:02 of 3rd period - Snap shot by Steven Stamkos.
5:02 of 3rd period - Stopped by Brian Elliott with a rebound.
5:04 of 3rd period - Wrist shot by Wayne Simmonds.
5:04 of 3rd period - Shot Misses the Net.
5:06 of 3rd period - Slapshot by Dennis Wideman.
5:06 of 3rd period - Shot Blocked by Guillaume Latendresse.
5:08 of 3rd period - Snap shot by Steven Stamkos.
5:08 of 3rd period - Stopped by Brian Elliott with a rebound.
5:10 of 3rd period - Snap shot by Dennis Wideman.
5:10 of 3rd period - Shot Blocked by Michael Grabner.
5:12 of 3rd period - Backhand shot by Sean Zimmerman.
5:12 of 3rd period - Stopped by Brian Elliott with a rebound.
5:18 of 3rd period - Slapshot by Wayne Simmonds.
5:18 of 3rd period - Shot Misses the Net.
5:20 of 3rd period - Wrist shot by Steven Stamkos.
5:20 of 3rd period - Shot Misses the Net.
5:30 of 3rd period - Slapshot by Steven Stamkos.
5:30 of 3rd period - Goal by Steven Stamkos - Stars : 1 - Penguins : 3.
5:31 of 3rd period - Alex Chiasson wins face-off versus Cal Clutterbuck in neutral zone.
5:34 of 3rd period - Snap shot by Ian White.
5:34 of 3rd period - Shot Blocked by Dennis Wideman.
5:58 of 3rd period - Dennis Wideman is hit by Guillaume Latendresse and loses puck.
7:09 of 3rd period - Wrist shot by John Tavares.
7:09 of 3rd period - Stopped by Michal Neuvirth without a rebound.
7:10 of 3rd period - John Tavares wins face-off versus Steven Stamkos in Penguins zone.
7:13 of 3rd period - Wrist shot by John Tavares.
7:13 of 3rd period - Deflect By Guillaume Latendresse.
7:13 of 3rd period - Stopped by Michal Neuvirth without a rebound.
7:14 of 3rd period - Steven Stamkos wins face-off versus John Tavares in Penguins zone.
7:40 of 3rd period - Ian White is hit by Sean Zimmerman and loses puck.
8:00 of 3rd period - Off-side.
8:01 of 3rd period - Logan Couture wins face-off versus Cory Emmerton in neutral zone.
8:04 of 3rd period - Snap shot by Marcus Foligno.
8:04 of 3rd period - Shot Blocked by Johnny Oduya.
9:24 of 3rd period - Snap shot by Andrew Cogliano.
9:24 of 3rd period - Shot Blocked by Brian Lee.
9:36 of 3rd period - Wrist shot by B.J. Crombeen.
9:36 of 3rd period - Shot Blocked by Cal Clutterbuck.
9:38 of 3rd period - Wrist shot by Cory Emmerton.
9:38 of 3rd period - Stopped by Michal Neuvirth with a rebound.
9:40 of 3rd period - Snap shot by Alexander Frolov.
9:40 of 3rd period - Stopped by Michal Neuvirth without a rebound.
9:41 of 3rd period - Cory Emmerton wins face-off versus Ryan O'Reilly in Penguins zone.
9:50 of 3rd period - B.J. Crombeen is hit by Cal Clutterbuck and loses puck.
9:55 of 3rd period - Snap shot by Cal Clutterbuck.
9:55 of 3rd period - Shot Misses the Net.
9:57 of 3rd period - Wrist shot by Cal Clutterbuck.
9:57 of 3rd period - Shot Misses the Net.
10:07 of 3rd period - Steven Stamkos is hit by Michael Grabner and loses puck.
10:33 of 3rd period - Icing by Eric Gryba.
10:34 of 3rd period - Antoine Vermette wins face-off versus Joe Colborne in Penguins zone.
10:39 of 3rd period - Snap shot by Alex Chiasson.
10:39 of 3rd period - Stopped by Michal Neuvirth without a rebound.
10:40 of 3rd period - Steven Stamkos wins face-off versus John Tavares in Penguins zone.
11:07 of 3rd period - Dennis Wideman is hit by Jussi Jokinen and loses puck.
11:12 of 3rd period - Snap shot by Alex Chiasson.
11:12 of 3rd period - Shot Misses the Net.
11:14 of 3rd period - Minor Penalty to Ryan O'Reilly for Hooking.
11:15 of 3rd period - Steven Stamkos wins face-off versus John Tavares in Penguins zone.
12:05 of 3rd period - Wrist shot by John Tavares.
12:05 of 3rd period - Shot Misses the Net.
12:07 of 3rd period - Slapshot by Brian Lee.
12:07 of 3rd period - Shot Misses the Net.
12:09 of 3rd period - Wrist shot by Brian Lee.
12:09 of 3rd period - Shot Misses the Net.
12:11 of 3rd period - Slapshot by Brian Lee.
12:11 of 3rd period - Stopped by Michal Neuvirth with a rebound.
12:13 of 3rd period - Backhand shot by Ian White.
12:13 of 3rd period - Stopped by Michal Neuvirth with a rebound.
12:15 of 3rd period - Snap shot by John Tavares.
12:15 of 3rd period - Stopped by Michal Neuvirth without a rebound.
12:16 of 3rd period - Jussi Jokinen wins face-off versus Logan Couture in Penguins zone.
12:32 of 3rd period - Minor Penalty to Johnny Oduya for High sticking.
12:33 of 3rd period - Steven Stamkos wins face-off versus John Tavares in Stars zone.
13:14 of 3rd period - Penalty to Ryan O'Reilly is over, Ryan O'Reilly is back on ice.
13:26 of 3rd period - Ian White is hit by Kurtis Foster and loses puck.
13:37 of 3rd period - Andrej Sustr is hit by Keith Aulie and loses puck.
13:50 of 3rd period - Snap shot by Wayne Simmonds.
13:50 of 3rd period - Shot Misses the Net.
14:32 of 3rd period - Penalty to Johnny Oduya is over, Johnny Oduya is back on ice.
14:32 of 3rd period - Antoine Vermette is hit by Wayne Simmonds and loses puck.
14:55 of 3rd period - Snap shot by Johnny Oduya.
14:55 of 3rd period - Stopped by Michal Neuvirth without a rebound.
14:56 of 3rd period - Evgeny Grachev wins face-off versus Joe Colborne in Penguins zone.
15:22 of 3rd period - Cal Clutterbuck is hit by Guillaume Latendresse and loses puck.
16:03 of 3rd period - Ian White is hit by Joe Colborne and loses puck.
16:12 of 3rd period - Wrist shot by Andrew Cogliano.
16:12 of 3rd period - Shot Blocked by B.J. Crombeen.
16:22 of 3rd period - Dennis Wideman is hit by Brian Lee and loses puck.
16:33 of 3rd period - Snap shot by Evgeny Grachev.
16:33 of 3rd period - Shot Blocked by Dennis Wideman.
16:53 of 3rd period - Clarke MacArthur is hit by Michael Grabner and loses puck.
17:06 of 3rd period - Marcus Foligno is hit by Andrej Sustr and loses puck.
17:15 of 3rd period - Snap shot by Antoine Vermette.
17:15 of 3rd period - Stopped by Michal Neuvirth with a rebound.
17:37 of 3rd period - Brady Skjei is hit by Michael Grabner and loses puck.
18:10 of 3rd period - Eric Gryba is hit by Alex Chiasson and loses puck.
19:35 of 3rd period - Logan Couture is hit by Alexander Frolov and loses puck.
19:54 of 3rd period - Kurtis Foster is hit by B.J. Crombeen and loses puck.
Goals for this period are 0 for Stars vs 1 for Penguins.
Shots for this period are 19 for Stars vs 6 for Penguins.